 Dungeon Crawl Stone Soup version 0.20.1-1-g8b1a95d (webtiles) character file.

132 galech the Ruffian (level 4, -4/44 HPs)
             Began as a Troll Monk on July 18, 2017.
             Slain by Rhok's ghost (9 damage)
             ... on level 3 of the Dungeon.
             The game lasted 00:02:41 (2064 turns).

galech the Ruffian (Troll Monk)                     Turns: 2064, Time: 00:02:41

Health: -4/44      AC:  5    Str: 20    XL:     4   Next: 92%
Magic:  3/3        EV: 11    Int:  6    God:
Gold:   82         SH:  0    Dex: 12    Spells: 3/3 levels left

rFire    . . .     SeeInvis .     - Unarmed
rCold    . . .     Gourm    +   (no shield)
rNeg     . . .     Faith    .   a - +0 robe
rPois    .         Spirit   .   (helmet restricted)
rElec    .         Reflect  .   (no cloak)
rCorr    .         Harm     .   (gloves unavailable)
MR       .....                  (boots unavailable)
Stlth    ++........             (no amulet)
Regen    0.6/turn               (no ring)
MPRegen  0.1/turn               (no ring)

@: no status effects
A: unfitting armour, claws 3, fast metabolism 3, gourmand, regeneration 1,
shaggy fur 1, tough skin 2
a: no special abilities


You were on level 3 of the Dungeon.
You were completely stuffed.

You visited 1 branch of the dungeon, and saw 3 of its levels.

You collected 82 gold pieces.

Inventory:

Armour
 a - a +0 robe (worn)
Jewellery
 k - an uncursed ring of fire {unknown}
 p - an uncursed ring of see invisible {unknown}
Scrolls
 c - 2 scrolls of remove curse {unknown}
 d - a scroll of random uselessness {unknown}
 e - 6 scrolls of identify {unknown}
 f - a scroll of fog {unknown}
 j - a scroll of recharging {unknown}
 o - 5 scrolls of teleportation {unknown}
 r - 3 scrolls of amnesia {unknown}
Potions
 g - a potion of invisibility {unknown}
 h - a potion of mutation {unknown}
 i - 2 potions of haste {unknown}
 m - a potion of degeneration {unknown}
 q - 2 potions of might {unknown}
Comestibles
 b - 5 bread rations
 l - 2 royal jellies
 n - 2 chunks of flesh


   Skills:
 + Level 2.8 Fighting
 + Level 3.2 Dodging
 + Level 1.5 Stealth
 + Level 4.2 Unarmed Combat


You had 3 spell levels left.
You didn't know any spells.

Dungeon Overview and Level Annotations

Branches:
Dungeon (3/15)

Altars:

Annotations:
D:3 Rhok's ghost, amateur MiFi


Innate Abilities, Weirdness & Mutations

You are too large for most types of armour.
You have claws for hands.
Your metabolism is lightning-fast.
You like to eat raw meat.
Your natural rate of healing is unusually fast.
You are covered in fur. (AC +1)
You have very tough skin. (AC +2)


Message History

Rhok's ghost barely misses you.
You barely miss Rhok's ghost.
Rhok's ghost is lightly damaged.
Rhok's ghost hits you!
You claw Rhok's ghost!
Rhok's ghost is heavily damaged.
Rhok's ghost barely misses you.
You scratch Rhok's ghost but do no damage.
Rhok's ghost is heavily damaged.
Rhok's ghost shrieks, "You will join me soon!"
Rhok's ghost hits you!
You scratch Rhok's ghost but do no damage.
Rhok's ghost is heavily damaged.
Rhok's ghost says, "I'll split you in two!"
Rhok's ghost hits you!
* * * LOW HITPOINT WARNING * * *
You barely miss Rhok's ghost.
Rhok's ghost is heavily damaged.
Rhok's ghost hits you!
You die...

## #.............#.....#.....
.#######.##..........#.....#.....
...≈≈.≈)≈≈.≈≈.≈≈.≈...'.....#.....
≈≈≈≈≈.≈≈≈≈≈.≈≈≈≈≈....#.....'.....
≈♣♣♣≈.≈♣♣♣≈≈≈♣♣♣≈≈..##...###.....
≈♣ ♣≈.≈♣ ♣≈≈≈♣ ♣≈.#.##....#......
≈♣ ♣≈.≈♣♣♣≈≈≈♣♣♣≈.#..##...##.##.#
≈≈ ≈≈≈≈≈≈≈≈≈≈≈≈≈≈....##.......#.#
.≈..≈..≈≈.≈≈.≈≈W@........#.#.##.#
≈≈≈≈≈.≈≈≈≈≈.≈≈≈≈≈.....##.#.#.##.#
≈♣♣♣≈≈≈♣♣♣≈.≈♣♣♣≈...#.##.#.#.##.#
≈ ♣≈≈≈♣ ♣≈.≈♣ ♣≈...#..#.#.#.##.#
♣≈≈≈♣♣♣≈...##.#.#...##.#
≈≈≈.≈≈≈≈≈...##...#.####.#
≈..≈≈≈≈...≈..###..######.#
≈≈≈≈.≈≈≈≈≈...# #.>........
≈♣♣♣≈≈≈♣♣♣≈≈### ########.##


You could see Rhok's ghost.

Vanquished Creatures
  4 adders
  4 gnolls (D:3)
  3 worms
  A dart slug (D:1)
  A leopard gecko (D:1)
  An orc (D:3)
  4 giant cockroaches
  10 goblins
  4 hobgoblins
  A quokka (D:2)
  A ball python (D:1)
  4 bats
  3 frilled lizards (D:2)
  3 kobolds
  6 rats
50 creatures vanquished.

Notes
Turn   | Place    | Note
-------+----------+-------------------------------------------
     0 | D:1      | galech the Troll Monk began the quest for the Orb.
     0 | D:1      | Reached XP level 1. HP: 22/22 MP: 0/0
   198 | D:1      | Reached XP level 2. HP: 29/29 MP: 1/1
   677 | D:1      | You fall through a shaft!
   768 | D:2      | Reached XP level 3. HP: 36/36 MP: 2/2
  1371 | D:2      | Reached XP level 4. HP: 35/44 MP: 3/3
  1604 | D:3      | Reached skill level 4 in Unarmed Combat
  2048 | D:3      | Noticed Rhok's ghost (amateur MiFi)
  2064 | D:3      | Slain by Rhok's ghost

Skill      XL: |  1  2  3  4 |
---------------+-------------+-----
Dodging        | 3 |  3.2
Unarmed Combat | 4 |  4.2
Fighting       | |  2.8
Stealth        | |  1.5

Action                   |  1- 3 |  4- 6 || total
-------------------------+-------+-------++-------
Melee: Unarmed           |    87 |    54 ||   141
       Punch             |     4 |     1 ||     5
 Stab: Sleeping          |     3 |     1 ||     4
  Eat: Chunk             |    18 |     6 ||    24
Armor: Robe              |    16 |     6 ||    22
Dodge: Dodged            |    43 |    35 ||    78
